| TOP OF THE 1ST |
|
Billings Mustangs batting - Pitching for Missoula Osprey : LHP Cory Youngquist
|
|
Pitching: LHP Cory Youngquist
|
|
|
Batting: SHB Jaivata Mohanty
|
0-0: Swinging Strike 0-1: Foul Ball, location: 2F 0-2: Ball 1-2: Ground out 1-3 (Groundball, P, EV 70.6 MPH)
|
|
Batting: RHB Will Trudeau
|
0-0: DOUBLE (Flyball, 89D, EV 94.4 MPH)
|
|
Batting: RHB Chris Christaldi
|
0-0: Ball 1-0: Foul Ball, location: 2F 1-1: 2-RUN HOME RUN (Flyball, 78XD, EV 96.9 MPH), Distance : 388 ft
|
|
Batting: SHB David Garnica
|
0-0: Ball 1-0: Ball 2-0: Called Strike 2-1: Ball 3-1: Base on Balls
|
|
Batting: RHB Gabriel Arias
|
0-0: Swinging Strike 0-1: Fly out, F9 (Flyball, 9, EV 97.5 MPH)
|
|
Batting: LHB Jose Cruz
|
0-0: Foul Ball, location: 2F 0-1: Foul Ball, location: 2F 0-2: Strikes out swinging
|
| Top of the 1st over - 2 runs, 2 hits, 0 errors, 1 left on base; Billings 2 - Missoula 0 |
| BOTTOM OF THE 1ST |
|
Missoula Osprey batting - Pitching for Billings Mustangs : RHP Ryan Charles Jr.
|
|
Pitching: RHP Ryan Charles Jr.
|
|
|
Batting: RHB Mike Smith
|
0-0: Called Strike 0-1: Foul Ball, location: 2F 0-2: Ball 1-2: Ball 2-2: Ball 3-2: SINGLE (Flyball, 9LS, EV 93.1 MPH)
|
|
Batting: RHB Hyeok Shon
|
0-0: Called Strike 0-1: Foul Ball, location: 2F 0-2: Ball 1-2: Ball 2-2: SINGLE (Groundball, 34S, EV 64.4 MPH) (infield hit) Mike Smith to second
|
|
Batting: LHB Danny Salas
|
0-0: Called Strike 0-1: TRIPLE (Flyball, 7LD, EV 108.1 MPH) Mike Smith scores Hyeok Shon scores
|
|
Batting: LHB Ron Mills
|
0-0: Called Strike 0-1: Swinging Strike 0-2: Fly out, F8 (Flyball, 8LM, EV 84.4 MPH)
|
|
Batting: LHB Nelson Pelico
|
0-0: Ball 1-0: Ball 2-0: 2-RUN HOME RUN (Line Drive, 78XD, EV 109.4 MPH), Distance : 392 ft
|
|
Batting: RHB Juan Mejia
|
0-0: Ball 1-0: Foul Ball, location: 2F 1-1: Ball 2-1: Ball 3-1: Base on Balls
|
|
Batting: RHB Jose Cuellar
|
0-0: Called Strike 0-1: Ball Wild Pitch! Juan Mejia to second 1-1: Called Strike 1-2: Strikes out swinging, 2-3 out at first.
|
|
Batting: RHB Isaiah Hampton
|
0-0: Foul Ball, location: 2F 0-1: Ball 1-1: Foul Ball, location: 2F 1-2: Ball 2-2: Ball 3-2: Ground out 5-3 (Groundball, 56, EV 88.1 MPH)
|
| Bottom of the 1st over - 4 runs, 4 hits, 0 errors, 1 left on base; Billings 2 - Missoula 4 |
| TOP OF THE 2ND |
|
Billings Mustangs batting - Pitching for Missoula Osprey : LHP Cory Youngquist
|
|
Batting: LHB Alex Ramos
|
0-0: Called Strike 0-1: Ball 1-1: Fly out, F8 (Flyball, 8LD, EV 103.8 MPH)
|
|
Batting: RHB Oscar Chapa
|
0-0: Called Strike 0-1: Ball 1-1: Foul Ball, location: 2F 1-2: SINGLE (Groundball, 6M, EV 107.5 MPH)
|
|
Batting: RHB Declan Eichele
|
0-0: Swinging Strike 0-1: Ball Passed Ball! Oscar Chapa to second 1-1: Fly out, F9 (Line Drive, 89S, EV 104.4 MPH)
|
|
Batting: SHB Jaivata Mohanty
|
0-0: Ball 1-0: Ball 2-0: Ball 3-0: Base on Balls
|
|
Batting: RHB Will Trudeau
|
0-0: Ball 1-0: Swinging Strike 1-1: Foul Ball, location: 2F 1-2: Foul Ball, location: 2F 1-2: Strikes out swinging
|
| Top of the 2nd over - 0 runs, 1 hit, 0 errors, 2 left on base; Billings 2 - Missoula 4 |
| BOTTOM OF THE 2ND |
|
Missoula Osprey batting - Pitching for Billings Mustangs : RHP Ryan Charles Jr.
|
|
Batting: RHB David Powell
|
0-0: Ball 1-0: Ball 2-0: Ground out 4-3 (Groundball, 4, EV 82.5 MPH)
|
|
Batting: RHB Mike Smith
|
0-0: Swinging Strike 0-1: Called Strike 0-2: Ball 1-2: Strikes out swinging
|
|
Batting: RHB Hyeok Shon
|
0-0: Called Strike 0-1: Ball 1-1: Swinging Strike 1-2: Ground out 6-3 (Groundball, 6, EV 85.6 MPH)
|
| Bottom of the 2nd over - 0 runs, 0 hits, 0 errors, 0 left on base; Billings 2 - Missoula 4 |
| TOP OF THE 3RD |
|
Billings Mustangs batting - Pitching for Missoula Osprey : LHP Cory Youngquist
|
|
Batting: RHB Chris Christaldi
|
0-0: Called Strike 0-1: Ball 1-1: Ball 2-1: Ball 3-1: Base on Balls
|
|
Batting: SHB David Garnica
|
0-0: Ball 1-0: Ball 2-0: Ball 3-0: Called Strike 3-1: Base on Balls Chris Christaldi to second
|
|
Batting: RHB Gabriel Arias
|
0-0: Foul Ball, location: 2F 0-1: Foul Ball, location: 2F 0-2: Fly out, F9 (Flyball, 89M, EV 84.4 MPH)
|
|
Batting: LHB Jose Cruz
|
0-0: Ball 1-0: Called Strike 1-1: Ball 2-1: Called Strike 2-2: Foul Ball, location: 2F 2-2: Ball 3-2: Foul Ball, location: 2F 3-2: Strikes out swinging
|
|
Batting: LHB Alex Ramos
|
0-0: Swinging Strike 0-1: Swinging Strike 0-2: Strikes out looking
|
| Top of the 3rd over - 0 runs, 0 hits, 0 errors, 2 left on base; Billings 2 - Missoula 4 |
| BOTTOM OF THE 3RD |
|
Missoula Osprey batting - Pitching for Billings Mustangs : RHP Ryan Charles Jr.
|
|
Batting: LHB Danny Salas
|
0-0: Ball 1-0: Ball 2-0: Ball 3-0: Base on Balls
|
|
Batting: LHB Ron Mills
|
0-0: Ball 1-0: SINGLE (Groundball, 34D, EV 100.6 MPH) Danny Salas to second Runner from 2nd tries for 3rd, SAFE, no throw by RF
|
|
Batting: LHB Nelson Pelico
|
0-0: Called Strike 0-1: Ball 1-1: Fly out, F8 (Flyball, 8LD, EV 75.6 MPH) Runner from 3rd tags up, SCORES, no throw by CF
|
|
Batting: RHB Juan Mejia
|
0-0: Called Strike 0-1: Foul Ball, location: 2F 0-2: Strikes out swinging
|
|
Batting: RHB Jose Cuellar
|
0-0: Ball 1-0: Ball 2-0: Called Strike 2-1: Swinging Strike 2-2: Strikes out swinging
|
| Bottom of the 3rd over - 1 run, 1 hit, 0 errors, 1 left on base; Billings 2 - Missoula 5 |
| TOP OF THE 4TH |
|
Billings Mustangs batting - Pitching for Missoula Osprey : LHP Cory Youngquist
|
|
Batting: RHB Oscar Chapa
|
0-0: Ball 1-0: Hit by Pitch
|
|
Batting: RHB Declan Eichele
|
0-0: Called Strike 0-1: Foul Ball, location: 2F 0-2: Ball 1-2: Ball 2-2: Strikes out swinging
|
|
Batting: SHB Jaivata Mohanty
|
0-0: Called Strike 0-1: Fielders Choice at 2nd, 4-6 (Groundball, 4, EV 88.8 MPH)
|
|
Batting: RHB Will Trudeau
|
0-0: Foul Ball, location: 2F 0-1: Ball Jaivata Mohanty is caught stealing 2nd base 2-4
|
| Top of the 4th over - 0 runs, 0 hits, 0 errors, 0 left on base; Billings 2 - Missoula 5 |
| BOTTOM OF THE 4TH |
|
Missoula Osprey batting - Pitching for Billings Mustangs : RHP Ryan Charles Jr.
|
|
Batting: RHB Isaiah Hampton
|
0-0: Ball 1-0: Called Strike 1-1: Called Strike 1-2: Ball 2-2: Strikes out swinging
|
|
Batting: RHB David Powell
|
0-0: Ball 1-0: Called Strike 1-1: Foul Ball, location: 2F 1-2: Ball 2-2: Strikes out looking
|
|
Batting: RHB Mike Smith
|
0-0: Swinging Strike 0-1: Foul Ball, location: 2F 0-2: Ball 1-2: Strikes out looking
|
| Bottom of the 4th over - 0 runs, 0 hits, 0 errors, 0 left on base; Billings 2 - Missoula 5 |
| TOP OF THE 5TH |
|
Billings Mustangs batting - Pitching for Missoula Osprey : LHP Cory Youngquist
|
|
Batting: RHB Will Trudeau
|
0-0: Ball 1-0: Ground out 5-3 (Groundball, 5, EV 86.9 MPH)
|
|
Batting: RHB Chris Christaldi
|
0-0: Ball 1-0: Foul Ball, location: 2F 1-1: Foul Ball, location: 2F 1-2: Foul Ball, location: 2F 1-2: TRIPLE (Flyball, 89XD, EV 91.2 MPH)
|
|
Batting: SHB David Garnica
|
0-0: Ball 1-0: Ground out U3 (Groundball, 34S, EV 88.1 MPH) Chris Christaldi scores
|
|
Batting: RHB Gabriel Arias
|
0-0: Ground out 6-3 (Groundball, 6, EV 85.0 MPH)
|
| Top of the 5th over - 1 run, 1 hit, 0 errors, 0 left on base; Billings 3 - Missoula 5 |
| BOTTOM OF THE 5TH |
|
Missoula Osprey batting - Pitching for Billings Mustangs : RHP Ryan Charles Jr.
|
|
Pitching: LHP Gabe Alcantara
|
|
|
Batting: RHB Hyeok Shon
|
0-0: Called Strike 0-1: Ground out 2-3 (Groundball, 2R, EV 68.8 MPH)
|
|
Batting: LHB Danny Salas
|
0-0: Fly out, F8 (Flyball, 8LM, EV 94.4 MPH)
|
|
Batting: LHB Ron Mills
|
0-0: Ball 1-0: Ball 2-0: Called Strike 2-1: Ball 3-1: Called Strike 3-2: Strikes out swinging
|
| Bottom of the 5th over - 0 runs, 0 hits, 0 errors, 0 left on base; Billings 3 - Missoula 5 |
| TOP OF THE 6TH |
|
Billings Mustangs batting - Pitching for Missoula Osprey : LHP Cory Youngquist
|
|
Batting: LHB Jose Cruz
|
0-0: Swinging Strike 0-1: Foul Ball, location: 2F 0-2: Foul Ball, location: 2F 0-2: Strikes out swinging
|
|
Batting: LHB Alex Ramos
|
0-0: Ball 1-0: Ball 2-0: Foul Ball, location: 2F 2-1: Foul Ball, location: 2F 2-2: SINGLE (Line Drive, 6D, EV 103.8 MPH)
|
|
Batting: RHB Oscar Chapa
|
0-0: SINGLE (Groundball, 56D, EV 101.2 MPH) Alex Ramos to second
|
|
Batting: RHB Declan Eichele
|
0-0: Fielders Choice at 2nd, 1-4 (Groundball, 25, EV 70.0 MPH) Alex Ramos to third
|
|
Batting: SHB Jaivata Mohanty
|
0-0: Ball 1-0: Ball 2-0: Ball 3-0: Base on Balls Declan Eichele to second
|
|
Batting: RHB Will Trudeau
|
0-0: Called Strike 0-1: Called Strike 0-2: Strikes out swinging
|
| Top of the 6th over - 0 runs, 2 hits, 0 errors, 3 left on base; Billings 3 - Missoula 5 |
| BOTTOM OF THE 6TH |
|
Missoula Osprey batting - Pitching for Billings Mustangs : LHP Gabe Alcantara
|
|
Batting: LHB Nelson Pelico
|
0-0: Ball 1-0: Swinging Strike 1-1: Ball 2-1: Ball 3-1: Fly out, F9 (Flyball, 9LS, EV 88.1 MPH)
|
|
Batting: RHB Juan Mejia
|
0-0: SINGLE (Groundball, 34D, EV 104.4 MPH)
|
|
Batting: RHB Jose Cuellar
|
0-0: Ball 1-0: Foul Ball, location: 2F 1-1: Foul Ball, location: 2F 1-2: Fielders Choice at 2nd, 6-4 (Groundball, 6S, EV 85.6 MPH)
|
|
Batting: RHB Isaiah Hampton
|
0-0: Ball 1-0: Called Strike 1-1: Hit by Pitch Jose Cuellar to second
|
|
Batting: RHB David Powell
|
0-0: Ball 1-0: Ball 2-0: Foul Ball, location: 2F 2-1: Foul Ball, location: 2F 2-2: Ball 3-2: Strikes out looking
|
| Bottom of the 6th over - 0 runs, 1 hit, 0 errors, 2 left on base; Billings 3 - Missoula 5 |
| TOP OF THE 7TH |
|
Billings Mustangs batting - Pitching for Missoula Osprey : LHP Cory Youngquist
|
|
Batting: RHB Chris Christaldi
|
0-0: Called Strike 0-1: Foul Ball, location: 2F 0-2: Ball 1-2: Foul Ball, location: 2F 1-2: Foul Ball, location: 2F 1-2: SINGLE (Groundball, 56D, EV 95.0 MPH)
|
|
Pitching: RHP Javier Rosales
|
|
|
Batting: SHB David Garnica
|
0-0: Ball 1-0: Called Strike 1-1: Called Strike 1-2: Ball 2-2: Ball 3-2: 2-RUN HOME RUN (Flyball, 9LD, EV 91.9 MPH), Distance : 326 ft
|
|
Batting: RHB Gabriel Arias
|
0-0: Ball 1-0: Ball 2-0: Fly out, F3 (Line Drive, 3L, EV 73.1 MPH)
|
|
Batting: LHB Jose Cruz
|
0-0: Foul Ball, location: 2F 0-1: Foul Ball, location: 2F 0-2: Foul Ball, location: 2F 0-2: Ground out 6-3 (Groundball, 6, EV 105.0 MPH)
|
|
Batting: LHB Alex Ramos
|
0-0: SINGLE (Groundball, 34S, EV 70.6 MPH) (infield hit)
|
|
Batting: RHB Oscar Chapa
|
0-0: Ball 1-0: Foul Ball, location: 2F 1-1: Ball 2-1: Swinging Strike 2-2: Ball 3-2: Base on Balls Alex Ramos to second
|
|
Pitching: RHP Jon Wernli
|
|
|
Batting: RHB Declan Eichele
|
0-0: Ball 1-0: 3-RUN HOME RUN (Flyball, 7D, EV 95.0 MPH), Distance : 355 ft
|
|
Batting: SHB Jaivata Mohanty
|
0-0: Foul Ball, location: 2F 0-1: Ball 1-1: Foul Ball, location: 2F 1-2: Ball 2-2: Foul Ball, location: 2F 2-2: Ball 3-2: SINGLE (Groundball, 56D, EV 100.6 MPH)
|
|
Batting: RHB Will Trudeau
|
0-0: SINGLE (Line Drive, 78M, EV 108.8 MPH) Jaivata Mohanty to second
|
|
Batting: RHB Chris Christaldi
|
0-0: Ball Passed Ball! Jaivata Mohanty to third Will Trudeau to second 1-0: 3-RUN HOME RUN (Flyball, 78XD, EV 98.1 MPH), Distance : 390 ft
|
|
Pitching: LHP Ian Tamburrino
|
|
|
Batting: SHB David Garnica
|
0-0: Called Strike 0-1: Ball 1-1: Ball 2-1: Ball 3-1: Called Strike 3-2: Foul Ball, location: 2F 3-2: Base on Balls
|
|
Batting: RHB Gabriel Arias
|
0-0: Ball David Garnica steals 2nd base 1-0: Fly out, F4 (Popup, 4S, EV 76.2 MPH)
|
| Top of the 7th over - 8 runs, 7 hits, 0 errors, 1 left on base; Billings 11 - Missoula 5 |
| BOTTOM OF THE 7TH |
|
Missoula Osprey batting - Pitching for Billings Mustangs : LHP Gabe Alcantara
|
|
Batting: RHB Mike Smith
|
0-0: Called Strike 0-1: Called Strike 0-2: Ball 1-2: Ball 2-2: Foul Ball, location: 2F 2-2: Foul Ball, location: 2F 2-2: Ground out 5-3 (Groundball, 5D, EV 108.8 MPH)
|
|
Pitching: RHP Jeff Buchanan
|
|
|
Batting: RHB Hyeok Shon
|
0-0: Ball 1-0: Called Strike 1-1: Swinging Strike 1-2: Strikes out swinging
|
|
Batting: LHB Danny Salas
|
0-0: Swinging Strike 0-1: Foul Ball, location: 2F 0-2: Ball 1-2: Foul Ball, location: 2F 1-2: SOLO HOME RUN (Flyball, 89XD, EV 105.6 MPH), Distance : 423 ft
|
|
Batting: LHB Ron Mills
|
0-0: Called Strike 0-1: Ball 1-1: Ball 2-1: Foul Ball, location: 2F 2-2: Foul Ball, location: 2F 2-2: SINGLE (Flyball, 4D, EV 84.4 MPH)
|
|
Batting: LHB Nelson Pelico
|
0-0: Ball 1-0: Foul Ball, location: 2F 1-1: Called Strike 1-2: Ball 2-2: Ground out 1-3 (Groundball, 13S, EV 67.5 MPH)
|
| Bottom of the 7th over - 1 run, 2 hits, 0 errors, 1 left on base; Billings 11 - Missoula 6 |
| TOP OF THE 8TH |
|
Billings Mustangs batting - Pitching for Missoula Osprey : LHP Ian Tamburrino
|
|
Batting: LHB Jose Cruz
|
0-0: Called Strike 0-1: Ball 1-1: Swinging Strike 1-2: Strikes out swinging
|
|
Pinch Hitting: RHB Alex Juarez
|
0-0: Ground out 3-1 (Groundball, 34, EV 82.5 MPH)
|
|
Batting: RHB Oscar Chapa
|
0-0: Ball 1-0: Called Strike 1-1: Ball 2-1: Ball 3-1: Called Strike 3-2: Base on Balls
|
|
Pitching: RHP D.J. Bryant
|
|
|
Pinch Hitting: RHB Jay Harrison
|
0-0: Ball 1-0: Swinging Strike 1-1: Ball 2-1: Ball 3-1: Base on Balls Oscar Chapa to second
|
|
Batting: SHB Jaivata Mohanty
|
0-0: Ball 1-0: Ball 2-0: Ball 3-0: Base on Balls Oscar Chapa to third Jay Harrison to second
|
|
Batting: RHB Will Trudeau
|
0-0: Fly out, F8 (Flyball, 8LD, EV 86.9 MPH)
|
| Top of the 8th over - 0 runs, 0 hits, 0 errors, 3 left on base; Billings 11 - Missoula 6 |
| BOTTOM OF THE 8TH |
|
Missoula Osprey batting - Pitching for Billings Mustangs : RHP Jeff Buchanan
|
|
Pitching: RHP Cortez Restrepo
|
|
|
Now at 2B: Alex de Leon
|
|
|
Now in LF: Martin Koka
|
|
|
Batting: RHB Juan Mejia
|
0-0: Ball 1-0: Ball 2-0: Foul Ball, location: 2F 2-1: Foul Ball, location: 2F 2-2: Strikes out looking
|
|
Batting: RHB Jose Cuellar
|
0-0: Foul Ball, location: 2F 0-1: Swinging Strike 0-2: Hit by Pitch
|
|
Batting: RHB Isaiah Hampton
|
0-0: Ball 1-0: Ball 2-0: Fielders Choice at 2nd, 4-6 (Groundball, 4M, EV 82.5 MPH)
|
|
Batting: RHB David Powell
|
0-0: Foul Ball, location: 2F 0-1: SINGLE (Groundball, 34D, EV 105.6 MPH) Isaiah Hampton to second Runner from 2nd tries for 3rd, SAFE, throw by RF made to third
|
|
Batting: RHB Mike Smith
|
0-0: Ball 1-0: Ball 2-0: Ball 3-0: Called Strike 3-1: Base on Balls David Powell to second
|
|
Pitching: RHP Finlay Clamp
|
|
|
Batting: RHB Hyeok Shon
|
0-0: Ball 1-0: Called Strike 1-1: Called Strike 1-2: Strikes out looking
|
| Bottom of the 8th over - 0 runs, 1 hit, 0 errors, 3 left on base; Billings 11 - Missoula 6 |
| TOP OF THE 9TH |
|
Billings Mustangs batting - Pitching for Missoula Osprey : RHP D.J. Bryant
|
|
Batting: RHB Chris Christaldi
|
0-0: Ball 1-0: Called Strike 1-1: Foul Ball, location: 2F 1-2: Ball 2-2: Foul Ball, location: 2F 2-2: Foul Ball, location: 2F 2-2: Ball 3-2: Base on Balls
|
|
Pitching: RHP Ramiz JambakurIan
|
|
|
Batting: SHB David Garnica
|
0-0: Called Strike 0-1: Ball 1-1: Swinging Strike 1-2: Foul Ball, location: 2F 1-2: Foul Ball, location: 2F 1-2: Ball 2-2: Ball 3-2: Foul Ball, location: 2F 3-2: Foul Ball, location: 2F 3-2: TRIPLE (Flyball, 89XD, EV 89.4 MPH) Chris Christaldi scores
|
|
Batting: RHB Gabriel Arias
|
0-0: Ball 1-0: Ball 2-0: Called Strike 2-1: DOUBLE (Groundball, 5L, EV 102.5 MPH) David Garnica scores
|
|
Pinch Hitting: RHB Alex Villagomez
|
0-0: Foul Ball, location: 2F 0-1: Ground out 6-3 (Groundball, 6, EV 85.6 MPH)
|
|
Batting: RHB Alex de Leon
|
0-0: Ball 1-0: Called Strike 1-1: Swinging Strike 1-2: Ball 2-2: Foul Ball, location: 2F 2-2: Ball 3-2: Base on Balls
|
|
Pitching: LHP Bobby Manning
|
|
|
Batting: RHB Oscar Chapa
|
0-0: Called Strike 0-1: DOUBLE (Line Drive, 78D, EV 106.9 MPH) Gabriel Arias scores Alex de Leon to third Runner from 3rd tries for Home, SAFE, throw by CF to trailing runner, SAFE at third!
|
|
Pinch Hitting: RHB Fred Barbour
|
0-0: Ball 1-0: Ball 2-0: Swinging Strike 2-1: Ball 3-1: Ground out 1-6-3 (Groundball, 15S, EV 103.8 MPH) Oscar Chapa scores
|
|
Pinch Hitting: RHB Teddy Bonaddio
|
0-0: Ball 1-0: Ball 2-0: Swinging Strike 2-1: Swinging Strike 2-2: Ball 3-2: Foul Ball, location: 2F 3-2: Strikes out swinging
|
| Top of the 9th over - 5 runs, 3 hits, 0 errors, 0 left on base; Billings 16 - Missoula 6 |
| BOTTOM OF THE 9TH |
|
Missoula Osprey batting - Pitching for Billings Mustangs : RHP Finlay Clamp
|
|
Now at C: Alex Villagomez
|
|
|
Now at 1B: Fred Barbour
|
|
|
Now at 3B: Gabriel Arias
|
|
|
Now in LF: Teddy Bonaddio
|
|
|
Now in RF: David Garnica
|
|
|
Batting: LHB Danny Salas
|
0-0: Foul Ball, location: 2F 0-1: Foul Ball, location: 2F 0-2: SINGLE (Groundball, 6MD, EV 100.6 MPH)
|
|
Pinch Hitting: RHB Dave Beerman
|
0-0: Ball 1-0: Ball 2-0: Called Strike 2-1: Foul Ball, location: 2F 2-2: Foul Ball, location: 2F 2-2: Ball 3-2: Foul Ball, location: 2F 3-2: Foul Ball, location: 2F 3-2: Strikes out swinging
|
|
Pinch Hitting: RHB Devon House
|
0-0: SINGLE (Groundball, 6MD, EV 103.8 MPH) Danny Salas to second
|
|
Batting: RHB Juan Mejia
|
0-0: Ball 1-0: Ball 2-0: Foul Ball, location: 2F 2-1: Ball 3-1: Base on Balls Danny Salas to third Devon House to second
|
|
Pitching: RHP Bayani Blanco
|
|
|
Batting: RHB Chris Jones
|
0-0: Ball 1-0: Foul Ball, location: 2F 1-1: Fielders Choice at 2nd, 6-4 (Groundball, 6, EV 98.8 MPH) Danny Salas scores Devon House to third
|
|
Pinch Hitting: RHB Edwin Romero
|
0-0: Called Strike 0-1: Called Strike 0-2: SINGLE (Groundball, 56, EV 105.0 MPH) (infield hit) Devon House scores Chris Jones to second
|
|
Pinch Hitting: RHB Claude Leduc
|
0-0: SINGLE (Groundball, 56D, EV 103.8 MPH) Chris Jones to third Edwin Romero to second
|
|
Pinch Hitting: RHB Hector Tabares
|
0-0: Ball 1-0: Called Strike 1-1: Ball 2-1: Swinging Strike 2-2: Ball 3-2: GRAND SLAM HOME RUN (Line Drive, 7D, EV 108.8 MPH), Distance : 390 ft
|
|
Pitching: RHP Guang Jue
|
|
|
Batting: RHB Hyeok Shon
|
0-0: Ball 1-0: Ball 2-0: Foul Ball, location: 2F 2-1: Ball 3-1: Called Strike 3-2: Base on Balls
|
|
Batting: LHB Danny Salas
|
0-0: Foul Ball, location: 2F 0-1: Ball Passed Ball! Hyeok Shon to second 1-1: Foul Ball, location: 2F 1-2: Strikes out swinging
|
| Bottom of the 9th over - 6 runs, 5 hits, 0 errors, 1 left on base; Billings 16 - Missoula 12 |
|